AoeStats
← EazySwayzee

Arabia

509953353Analyzed
1v1 RM · 3d ago on Sep 28, 2026· 45m 53s· 2 players
Game mode
Random Map
Map size
Tiny (2 player)
Population
200
Speed
Normal
Resources
Standard
Victory
Conquest
Starting age
Dark Age
Ending age
Imperial Age
RankedLock teamsTeams togetherTeam positionsShared explorationLock speedFull tech treeHidden civsTurbo modeCheats
Victory
Defeat
🇧🇷 Armenians · Brazil
1073
+15
🇩🇪 Portuguese · Germany
1061
-15
EazySwayzee
6:35 Loom
10:17 Feudal Age
14:11 Double-Bit Axe
19:01 Castle Age
18:38 Fletching
18:31 Horse Collar
19:13 Gold Mining
20:23 Crossbowman
21:19 Bodkin Arrow
23:35 Stone Mining
26:28 Wheelbarrow
27:10 Bow Saw
28:52 Bloodlines
29:44 Hand Cart
29:37 Town Watch
30:35 Light Cavalry
31:25 Scale Barding Armor
31:22 Padded Archer Armor
30:50 Pikeman
38:53 Imperial Age
37:08 Thumb Ring
40:04 Conscription
41:31 Chemistry
41:26 Ballistics
42:54 Bracer
44:35 Town Patrol
Lord Tiquira
6:57 Loom
10:00 Feudal Age
11:03 Double-Bit Axe
12:13 Man-at-Arms
14:01 Arson
16:42 Horse Collar
20:54 Castle Age
20:11 Padded Archer Armor
20:02 Fletching
21:30 Bloodlines
21:27 Scale Barding Armor
22:40 Husbandry
22:54 Elite Skirmisher
25:04 Town Watch
25:42 Forging
28:36 Iron Casting
29:55 Chain Barding Armor
31:09 Bow Saw
33:00 Light Cavalry
35:21 Wheelbarrow
37:15 Scale Mail Armor
40:01 Imperial Age
38:11 Hand Cart
38:07 Pikeman
38:57 Gold Mining
40:51 Chain Mail Armor
39:59 Halberdier
40:20 Cavalier
42:02 Blast Furnace
42:15 Gold Shaft Mining
42:09 Squires
45:01 Bodkin Arrow
Connection lost

Rejoining the realm…

Still unreachable

The connection could not be restored.

Session expired

The server has moved on; the page needs a fresh start.